 Dungeon Crawl Stone Soup version 0.31-a0-1172-g9944ec47dd (webtiles) character file.

Game seed: 15828935910561931106

202155 Zonian the Geomancer (level 17, -4/184 HPs)
             Began as a Demigod Earth Elementalist on Dec 9, 2023.
             Slain by a skyshark (6 damage)
             ... on level 1 of the Shoals on Dec 10, 2023.
             The game lasted 04:27:14 (60751 turns).

Zonian the Geomancer (Demigod Earth Elementalist)  Turns: 60751, Time: 04:27:15

Health: -4/184     AC: 18    Str:  9    XL:     17   Next: 32%
Magic:  57/66      EV: 15    Int: 42    God:
Gold:   714        SH:  0    Dex: 11    Spells: 3/40 levels left

rFire   + . .        S - +9 quarterstaff of Gin and Tonic {drain, rElec MP+9 Dex-3 SInv, staff}
rCold   + . .        (shield currently unavailable)
rNeg    . . .        I - +5 ring mail {rPois}
rPois   +            c - +3 hat of Pondering {ponderous, Will+ MP+10 Int+5}
rElec   +            k - scarf {rC+ rF+}
rCorr   .            Y - +2 pair of gloves
SInv    +            a - +0 pair of boots
Will    +++..        L - amulet "Buesm" {RegenMP Will+ SInv} Stlth
                     e - ring of magical power
HPRegen 0.50/turn    U - +5 ring of evasion
MPRegen 0.80/turn

%: no passive effects
@: berserking, engulfed (cannot breathe), very quick
A: high MP 1, forlorn, divine attributes
}: 1/15 runes: serpentine
a: no special abilities


You were on level 1 of the Shoals.
You visited 5 branches of the dungeon, and saw 27 of its levels.
You visited the Abyss 1 time.
You also visited: Bailey.

You collected 3634 gold pieces.
You spent 2920 gold pieces at shops.


Innate Abilities, Weirdness & Mutations

You have an increased reservoir of magic. (+10% MP)
You shall have no god before yourself.
Your divine heritage dramatically boosts your attributes as you level up.


   Skills:
 - Level 4.2 Fighting
 - Level 3.5 Staves
 - Level 5.0 Armour
 - Level 3.1 Dodging
 - Level 4.3 Stealth
 + Level 12.4 Spellcasting
 - Level 10.2 Conjurations
 + Level 6.3 Hexes
 + Level 7.7 Summonings
 - Level 4.0 Translocations
 - Level 8.9 Transmutations
 + Level 14.2 Air Magic
 + Level 14.9 Earth Magic


You had 3 spell levels left.
You knew the following spells:

 Your Spells              Type           Power      Damage    Failure   Level
a - Sandblast             Erth           100%       2d20      0%          1
b - Stone Arrow           Conj/Erth      100%       3d13      1%          3
c - Brom's Barrelling Bo  Conj/Erth      93%        2d10      1%          4
d - Fulminant Prism       Conj/Hex       38%        3d17      1%          4
e - Petrify               Tmut/Erth      90%        N/A       1%          4
f - Static Discharge      Conj/Air       100%       3-8/arc   1%          2
g - Airstrike             Air            49%        2d(7-23)  1%          4
h - Summon Lightning Spi  Summ/Air       87%        N/A       1%          4
i - Lee's Rapid Deconstr  Erth           50%        3d24*     1%          5
j - Blink                 Tloc           100%       N/A       1%          2
k - Iskenderun's Mystic   Conj/Tloc      72%        2d15      1%          4

Your spell library contained the following spells:

 Spells                   Type           Power      Damage    Failure   Level
 Magic Dart               Conj           100%       1d8       1%          1
 Cigotuvi's Dreadful Rot  Necr/Pois/Air  100%       N/A       1%          2
 Ensorcelled Hibernation  Hex/Ice        100%       N/A       1%          2
 Jinxbite                 Hex            100%       N/A       1%          2
 Passwall                 Tmut/Erth      75%        N/A       1%          2
 Searing Ray              Conj           100%       2d8       1%          2
 Wereblood                Tmut           79%        N/A       1%          2
 Dazzling Flash           Conj/Hex       100%       N/A       1%          3
 Scorch                   Fire           52%        2d7       4%          2
 Sublimation of Blood     Necr           26%        N/A       4%          2
 Volatile Blastmotes      Fire/Tloc      84%        2d17      4%          3
 Animate Armour           Summ/Erth      100%       N/A       1%          4
 Flame Wave               Conj/Fire      62%        2d14      3%          4
 Summon Mana Viper        Hex/Summ       71%        N/A       4%          5
 Manifold Assault         Tloc           56%        N/A       6%          4
 Summon Forest            Summ/Tloc      33%        N/A       8%          5
 Anguish                  Hex/Necr       26%        N/A       9%          4
 Summon Cactus Giant      Summ           37%        N/A       19%         6
 Dispel Undead            Necr           26%        3d13      30%         4
 Starburst                Conj/Fire      31%        6d9       50%         6
 Maxwell's Capacitive Co  Air            49%        ∞         50%         8
 Dispersal                Tloc           28%        N/A       65%         6
 Summon Hydra             Summ           37%        N/A       71%         7
 Lehudib's Crystal Spear  Conj/Erth      46%        10d11     75%         8
 Death Channel            Necr           13%        N/A       99%         6
 Disjunction              Tloc           28%        N/A       100%        8

Inventory:

Hand Weapons
 t - a +2 demon whip of venom {mace}
   (You took it off Amaemon on level 8 of the Dungeon)
 R - the +9 hand axe of Onniomn {drain, Fly rPois Str-2 Dex+4, axe}
   (You found it on level 2 of the Lair of Beasts)

   Str-2:     It affects your strength (-2).
   Dex+4:     It affects your dexterity (+4).
   rPois:     It protects you from poison Fly: It grants you flight.
 S - the +9 quarterstaff of Gin and Tonic (weapon) {drain, rElec MP+9 Dex-3 SInv, staff}
   (You found it on level 4 of the Lair of Beasts)

   Dex-3:     It affects your dexterity (-3).
   rElec:     It insulates you from electricity.
   MP+9:      It affects your magic capacity (+9).
   SInv:      It lets you see invisible.
Missiles
 m - 19 poisoned darts {throwing}
 G - 7 throwing nets {=f!fthrowing}
Armour
 a - a +0 pair of boots (worn)
   (You bought it in a shop on level 3 of the Snake Pit)
 c - the +3 hat of Pondering (worn) {ponderous, Will+ MP+10 Int+5}
   (You took it off Gastronok on level 3 of the Lair of Beasts)

   Int+5:     It affects your intelligence (+5).
   Will+:     It increases your willpower.
   MP+10:     It affects your magic capacity (+10).
 k - a scarf of resistance (worn)
   (You found it on level 11 of the Dungeon)
 l - the +3 helmet "Caqyol" {rC+}
   (You found it on level 4 of the Dungeon)

   rC+:       It protects you from cold.
 n - the +0 buckler "Jaos" {Will+ rCorr Int-3}
   (You took it off a salamander on level 4 of the Snake Pit)

   Int-3:     It affects your intelligence (-3).
   Will+:     It increases your willpower.
   rCorr:     It protects you from acid and corrosion.
 H - a +3 leather armour of willpower
   (You took it off a gnoll bouda in a bailey)
 I - a +5 ring mail of poison resistance (worn)
   (You took it off a gnoll sergeant in a bailey)
 Q - +0 acid dragon scales
   (You found it on level 10 of the Dungeon)
 Y - a +2 pair of gloves (worn)
   (You took it off Nikola on level 1 of the Snake Pit)
 Z - a +2 buckler of reflection
   (You took it off a tengu conjurer on level 14 of the Dungeon)
Jewellery
 e - a ring of magical power (left hand)
   (You bought it in a shop on level 4 of the Dungeon)
 f - a ring of flight
   (You took it off a salamander on level 2 of the Snake Pit)
 g - a ring of protection from fire
   (You took it off a naga on level 2 of the Snake Pit)
 h - a ring of protection from cold
   (You found it on level 10 of the Dungeon)
 j - a ring of willpower
   (You took it off an ironbound preserver on level 14 of the Dungeon)
 q - an amulet of reflection
   (You took it off a hobgoblin on level 4 of the Dungeon)
 L - the amulet "Buesm" (around neck) {RegenMP Will+ SInv}
   (You bought it in a shop on level 4 of the Dungeon)

   [amulet of magic regeneration]

   RegenMP:   It increases your rate of magic regeneration.
   Will+:     It increases your willpower.
   SInv:      It lets you see invisible.
 U - a +5 ring of evasion (right hand)
   (You found it on level 12 of the Dungeon)
Wands
 b - a wand of digging (5)
   (You bought it in a shop on level 4 of the Snake Pit)
 p - a wand of acid (1)
   (You found it on level 2 of the Snake Pit)
 s - a wand of flame (21)
   (You took it off Dowan on level 6 of the Dungeon)
 x - a wand of mindburst (17)
   (You found it on level 5 of the Dungeon)
 y - a wand of polymorph (7)
   (You found it on level 5 of the Dungeon)
 B - a wand of iceblast (4)
   (You took it off an orc on level 6 of the Dungeon)
 K - a wand of paralysis (19)
   (You found it on level 11 of the Dungeon)
Scrolls
 i - 2 scrolls of teleportation {@r4}
 o - 3 scrolls of vulnerability {!r!r}
 r - 3 scrolls of blinking {!r}
 z - a scroll of summoning
 A - 3 scrolls of fog
 C - 14 scrolls of identify {@r1}
 M - 2 scrolls of poison {!r}
 W - a scroll of immolation {!r!r}
 X - a scroll of fear
Potions
 d - 9 potions of attraction {!q}
 u - 2 potions of haste {@q3}
 w - 3 potions of lignification {!q}
 D - a potion of resistance
 E - a potion of brilliance
 N - 2 potions of mutation {!q}
 O - a potion of berserk rage {!q}
 T - 4 potions of curing {@q1}
 V - 3 potions of enlightenment

Dungeon Overview and Level Annotations

Branches:
Dungeon (15/15) Zot: 24361  Temple (0/1) D:5            Lair (5/5) D:11 Zot: 12563
 Shoals (1/4) Lair:3 Zot: 5620   Snake (4/4) Lair:2 Zot: 12623   Slime (0/5) Lair:5
    Orc (2/2) D:12 Zot: 9064     Elf (0/3) Orc:2        Vaults (0/5) D:14
 Depths (0/4) D:15         Bailey (visited)

Shops:
D:4 =   Orc:1 *   Orc:2 :?([   Snake:2 [*(!   Snake:3 [=:=   Snake:4 *

Annotations:
D:5 2 transporters, 3 runed translucent doors, grandjackal's ghost, novice DsGl; gribnar's ghost, novice DsGl
D:9 Jeremiah
D:11 2 transporters, avis's ghost, journeyman HOSu
Snake:1 1 transporter

....##..~~~~≈~~,
...####.~~~~~~~~~≈≈≈≈≈≈≈
..## #.~~..~~~~~~≈~~~~~
.## ##.~~....~~~~~~~~~~
.# #.)~~.##...~~~~...~
######....###...~~~~..?~
##.......#####..~~~~~~~~
~~~~~.~..###...E....~≈≈~
.~~~~.........tl@...≈≈≈≈
~~~~~~........m8....≈≈≈≈
~~~~~~~.............~≈≈≈
~~~~~~~~~.......##?....~
~~~~~~~~~~..~....#.....~
~~~~~~~~~~~..~~~)......~
~~~~~~~~~~~.....~~.....~
~~~~~~~~~~~.~..#......~~


You could see a skyshark (berserk, drained), a merfolk aquamancer (ally target),
a snapping turtle, a water elemental and a friendly lightning spire (summoned).


Message History

Confirm with . or Enter, or press ? or * to list all spells.
Aiming: Stone Arrow (safe; 1% risk of failure)
Press: ? - help, Shift-Dir - straight line, f - skyshark
Aim: a skyshark (84% to hit)
The stone arrow hits the skyshark.
The skyshark bites you!
The skyshark tastes blood and grows stronger!
The skyshark misses you.
The skyshark tail-slaps you! 😕 HP[-19] MP[-2]
You take 19 damage, and now have 104/123 hp.
You lost 2 mp, and now have 61/66 mp.
Unknown command.
Casting: Stone Arrow (safe; 1% risk of failure)
Confirm with . or Enter, or press ? or * to list all spells.
An electric hum fills the air.
Your lightning spire disappears in a puff of smoke!
The skyshark bites you!
The skyshark enters a blood-rage!
The skyshark tail-slaps you but does no damage.
The skyshark closely misses you. 😮 HP[-14] MP[-3]
You take 14 damage, and now have 90/123 hp.
You lost 3 mp, and now have 58/66 mp.
Casting: Summon Lightning Spire (safe; 1% risk of failure)
Confirm with . or Enter, or press ? or * to list all spells.
You blink.
The snapping turtle barely misses you. 😮 MP[-2]
You lost 2 mp, and now have 56/66 mp.
Casting: Blink (safe; 1% risk of failure)
Confirm with . or Enter, or press ? or * to list all spells.
An electric hum fills the air.
You feel ready to blink again.
Your lightning spire disappears in a puff of smoke!
The skyshark bites you!!
The skyshark tail-slaps you but does no damage.
The skyshark barely misses you. The water elemental hits you.
The water elemental engulfs you in water!
The snapping turtle bites you but does no damage. 😮 HP[-17] MP[-3]
You take 17 damage, and now have 73/123 hp.
You lost 3 mp, and now have 53/66 mp.
Okay, then.
You cannot read scrolls while unable to breathe!
Unknown command.
A red film seems to cover your vision as you go berserk!
You feel yourself moving faster!
You feel mighty!
Your lungs strain for air!
The skyshark bites you.
The skyshark tail-slaps you but does no damage.
The skyshark closely misses you. The skyshark misses you. x2
The skyshark tail-slaps you!
The water elemental completely misses you.
The merfolk aquamancer hits your lightning spire with a +1 rapier of venom! 😮 HP[+21] MP[+1]
You now have 184 max hp (+61).
You regained 21 hp, and now have 94/184 hp.
You closely miss the water elemental.
* * * LOW HITPOINT WARNING * * *
Your lungs strain for air!
The snapping turtle bites you from afar!!
* * * LOW HITPOINT WARNING * * *
The skyshark bites you!
* * * LOW HITPOINT WARNING * * *
The skyshark barely misses you. The skyshark tail-slaps you.
* * * LOW HITPOINT WARNING * * *
😨 HP[-47] MP[+1]
You take 47 damage, and now have 47/184 hp.
MASSIVE DAMAGE!! (PAUSE)
You hit the skyshark but do no damage.
* * * LOW HITPOINT WARNING * * *
Your lungs strain for air!
The water elemental hits you. The skyshark closely misses you.
The skyshark barely misses you.
The skyshark tail-slaps you but does no damage.
The merfolk aquamancer hits your lightning spire with a +1 rapier of venom!
The snapping turtle barely misses you. 😱 HP[-4]
You take 4 damage, and now have 43/184 hp.
You bludgeon the skyshark!! You drain the skyshark!
* * * LOW HITPOINT WARNING * * *
Your lungs strain for air!
The skyshark barely misses you.
The skyshark tail-slaps you but does no damage. x2
The water elemental closely misses you.
The merfolk aquamancer hits your lightning spire with a +1 rapier of venom! 😱 HP[-5] MP[+1]
You take 5 damage, and now have 38/184 hp.
You thump the skyshark!
* * * LOW HITPOINT WARNING * * *
Your lungs strain for air!
The skyshark bites you.
* * * LOW HITPOINT WARNING * * *
The skyshark tail-slaps you.
* * * LOW HITPOINT WARNING * * *
The skyshark barely misses you.
The snapping turtle bites you from afar!!
* * * LOW HITPOINT WARNING * * *
The water elemental closely misses you. The skyshark completely misses you.
The skyshark tail-slaps you but does no damage.
The skyshark tail-slaps you.
You die...

Skill      XL: |  1  2  3  4  5  6  7  8  9 10 11 12 13 14 15 16 17 |
---------------+----------------------------------------------------+-----
Transmutations | 1 2 3 8 |  8.9
Stealth        | 2 3 4 |  4.3
Dodging        | 2 3 |  3.1
Spellcasting   | 2 3 4 5 7 8 9 10 11 12 | 12.4
Earth Magic    | 3 4 5 6 7 8 9 10 12 13 14 | 14.9
Conjurations   | 2 3 5 7 8 9 10 | 10.2
Air Magic      | 2 4 6 8 9 11 12 13 14 | 14.2
Armour         | 2 4 5 |  5.0
Hexes          | 3 4 5 6 |  6.3
Fighting       | 3 4 |  4.2
Summonings     | 4 7 |  7.7
Translocations | 3 4 |  4.0
Staves         | 2 3 |  3.5

Action                     |  1- 3 |  4- 6 |  7- 9 | 10-12 | 13-15 | 16-18 || total
---------------------------+-------+-------+-------+-------+-------+-------++-------
  Melee: Dagger            |       |    16 |    41 |    57 |     8 |       ||   122
         Punch             |       |     1 |       |     1 |       |     1 ||     3
         Demon whip        |       |       |       |    39 |       |    18 ||    57
         Quarterstaff      |       |       |       |       |    16 |    22 ||    38
  Throw: Dart              |       |       |       |     1 |     5 |       ||     6
   Cast: Sandblast         |    48 |    94 |   123 |    61 |     1 |     7 ||   334
         Stone Arrow       |       |     5 |    50 |   261 |   448 |   174 ||   938
         Brom's Barrelling |       |       |     4 |    51 |   101 |    12 ||   168
         Dazzling Flash    |       |       |       |     2 |     2 |       ||     4
         Static Discharge  |       |       |       |    49 |    90 |     4 ||   143
         Petrify           |       |       |       |     6 |    11 |       ||    17
         Airstrike         |       |       |       |    67 |   445 |   191 ||   703
         Lee's Rapid Decon |       |       |       |       |    76 |   161 ||   237
         Summon Lightning  |       |       |       |       |     2 |     6 ||     8
         Blink             |       |       |       |       |     1 |     4 ||     5
         Iskenderun's Myst |       |       |       |       |       |    20 ||    20
         Fulminant Prism   |       |       |       |       |       |     3 ||     3
  Evoke: Wand              |       |       |     6 |    16 |    22 |    20 ||    64
    Use: Potion            |     1 |     3 |       |     3 |     5 |     7 ||    19
         Scroll            |       |    15 |     4 |    12 |    17 |    12 ||    60
   Stab: Sleeping          |       |     2 |     3 |     2 |       |       ||     7
         Petrified         |       |       |       |     5 |     8 |       ||    13
 Armour: Robe              |    19 |    31 |    88 |    24 |       |       ||   162
         Ring mail         |       |       |       |   309 |   422 |   219 ||   950
         Leather armour    |       |       |       |     2 |   110 |       ||   112
         Acid dragon scale |       |       |       |     1 |       |       ||     1
  Dodge: Dodged            |    28 |    33 |    74 |   151 |   302 |   161 ||   749
  Block: Other             |       |       |    13 |    13 |       |       ||    26
         Reflection        |       |       |       |     2 |       |       ||     2

Levels and vault maps discovered:
D:1:      dpeg_arrival_round_a, layout_basic
D:2:      layout_basic, uniq_sigmund
D:3:      layout_basic, cheibrodos_worm_habitat, mainiacjoe_overflow_catwalk,
          chequers_mini_garden
D:4:      layout_basic, kennysheep_little_box, lemuel_doored_altar,
          serial_shops, nicolae_shop_hallway_stairs, minmay_ogre_servants
D:5:      layout_loops_ring, mainiacjoe_overflow_boulevard,
          nicolae_yredelemnul_ghost_church, mainiacjoe_overflow_alcove_2,
          minmay_temple_entry_wispy, gammafunk_ghost_arena, st_stairs_3,
          nicolae_twisty_statue_hallways
D:6:      layout_basic, uniq_duvessa
D:7:      layout_loops_ring, kennysheep_diamond, chequers_garden, uniq_pikel
D:8:      layout_basic, mainiacjoe_overflow_paths, enter_bailey_5, st_stairs_7,
          dreamdust_princess_bridge, uniq_joseph, uniq_amaemon, uniq_grum
D:9:      layout_roguey, marbit_many_paths, serial_bayou_pond_e, uniq_jeremiah
D:10:     minmay_sliced_demisemicircle, layout_rooms,
          mainiacjoe_overflow_chevrons, nicolae_figureground_pulse
D:11:     layout_cave_pools, erik_lair_orcish_takeover,
          gammafunk_ghost_berserking_beasts
D:12:     layout_stronghold, david_orc_3, serial_rivers,
          chequers_serial_rivers_micro_a, chequers_serial_rivers_small_3,
          chequers_serial_rivers_micro_e, chequers_serial_rivers_marsh,
          chequers_serial_rivers_micro_a, nicolae_looking_at_the_future
D:13:     layout_loops_cross, uniq_urug
D:14:     cheibrodos_statue_roulette, layout_loops_ring,
          skrybe_vaults_entry_preservation, uniq_azrael
D:15:     gammafunk_enter_depths_forms, layout_irregular_city,
          nzn_wu_jian_council_hall, zin_treasury
Lair:1:   layout_gridlike, dpeg_stationary_puzzle, uniq_maggie, uniq_nergalle
Lair:2:   layout_cave_pods, nicolae_snake_entry_squirm,
          small_statue_intersection
Lair:3:   layout_cellular_growth, minmay_shoals_entry_beasts, disabler_island,
          grunt_megastairs_4, uniq_gastronok
Lair:4:   layout_concentric_octagons, forest_entry_grove
Lair:5:   evilmike_catoblepas_cave, layout_regular_city, slime_entry_2, pond
Shoals:1: layout_shoals, nicolae_shoals_kraken_intersection
Snake:1:  gammafunk_sealed_library, layout_cave_pods, uniq_aizul, uniq_nikola
Snake:2:  layout_cave_pods, minmay_shoptagon, uniq_jorgrun, uniq_saint_roka
Snake:3:  layout_grid_maze, serial_shops, nicolae_shop_statue_plus,
          minmay_shop_grove
Snake:4:  snake_pit, layout_cave_town, serial_shops, nicolae_shop_drivethru,
          serial_bayou_shore_b, grunt_megastairs_3, uniq_agnes
Orc:1:    layout_caves, serial_shops, nicolae_shop_crystal, led_sif_book
Orc:2:    st_orc_town, layout_caves

Notes
Turn   | Place    | Note
-------+----------+-------------------------------------------
     0 | D:1      | Zonian the Demigod Earth Elementalist began the quest for
                  | the Orb.
     0 | D:1      | Reached XP level 1. HP: 14/14 MP: 5/5
     0 | D:1      | magus.rc [v1.9.6]
   130 | D:1      | Reached skill level 1 in Transmutations
   469 | D:1      | Reached skill level 2 in Stealth
   598 | D:1      | Reached XP level 2. HP: 20/20 MP: 5/7
   635 | D:1      | Reached skill level 2 in Dodging
   872 | D:1      | Reached skill level 2 in Spellcasting
  1372 | D:2      | Noticed Sigmund
  1442 | D:2      | Killed Sigmund
  1443 | D:2      | Reached skill level 2 in Transmutations
  1443 | D:2      | Reached skill level 3 in Earth Magic
  1443 | D:2      | Reached XP level 3. HP: 12/26 MP: 1/9
  1443 | D:2      | Reached XP level 4. HP: 15/33 MP: 1/10
  1443 | D:2      | Reached XP level 5. HP: 18/38 MP: 1/11
  1639 | D:2      | You pick up a book of Blood and begin reading...
  1639 | D:2      | You add the spells Sublimation of Blood, Wereblood and
                  | Summon Hydra to your library.
  2433 | D:3      | Reached skill level 3 in Stealth
  2462 | D:3      | Learned a level 3 spell: Stone Arrow
  2949 | D:3      | Reached skill level 3 in Dodging
  3105 | D:4      | Found Ziecw's Jewellery Emporium.
  3585 | D:4      | Bought a ring of magical power for 240 gold pieces
  3851 | D:4      | You pick up a book of Blood and begin reading...
  3882 | D:3      | Reached XP level 6. HP: 39/45 MP: 13/13
  4085 | D:4      | Identified the +3 helmet "Caqyol" {rC+}
  4131 | D:4      | Reached skill level 3 in Spellcasting
  4131 | D:4      | Reached skill level 1 in Conjurations
  4375 | D:4      | Reached skill level 4 in Earth Magic
  4510 | D:4      | HP: 7/45 [ogre/+0 giant club (24)]
  4513 | D:4      | Reached skill level 2 in Conjurations
  5082 | D:5      | Entered Level 5 of the Dungeon
  5091 | D:5      | Reached XP level 7. HP: 32/50 MP: 15/15
  5360 | D:5      | Found a staircase to the Ecumenical Temple.
  5724 | D:5      | Found a transporter.
  5727 | D:5      | Noticed gribnar's ghost (novice DsGl)
  5767 | D:5      | Found a runed translucent gate.
  5767 | D:5      | Found a runed translucent gate.
  5767 | D:5      | Found a runed translucent gate.
  5767 | D:5      | Noticed grandjackal's ghost (novice DsGl)
  5783 | D:5      | Reached skill level 4 in Spellcasting
  5992 | D:5      | Found a transporter.
  6011 | D:5      | Reached skill level 3 in Conjurations
  6222 | D:5      | Reached skill level 5 in Earth Magic
  6539 | D:5      | Reached XP level 8. HP: 57/57 MP: 18/18
  6591 | D:5      | You pick up a book of Armaments and begin reading...
  6591 | D:5      | You add the spells Animate Armour and Lehudib's Crystal
                  | Spear to your library.
  6838 | D:5      | Reached skill level 4 in Conjurations
  6982 | D:6      | Reached skill level 5 in Spellcasting
  7587 | D:6      | Reached skill level 6 in Earth Magic
  7796 | D:6      | Noticed Duvessa
  7796 | D:6      | Noticed Dowan
  8235 | D:6      | You pick up a book of Spectacle and begin reading...
  8235 | D:6      | You add the spells Volatile Blastmotes, Dazzling Flash,
                  | Starburst and Maxwell's Capacitive Coupling to your
                  | library.
  8286 | D:6      | Reached skill level 5 in Conjurations
  8402 | D:6      | Killed Dowan
  8403 | D:6      | Killed Duvessa
  8806 | D:7      | Reached XP level 9. HP: 62/62 MP: 21/21
  8810 | D:7      | Reached skill level 6 in Spellcasting
  8949 | D:7      | Reached skill level 7 in Earth Magic
  9088 | D:7      | Noticed Pikel
  9155 | D:7      | You pick up a book of Storms and begin reading...
  9155 | D:7      | You add the spells Static Discharge, Airstrike and Summon
                  | Lightning Spire to your library.
  9220 | D:7      | Killed Pikel
  9221 | D:7      | Reached skill level 6 in Conjurations
  9315 | D:7      | Learned a level 4 spell: Brom's Barrelling Boulder
  9319 | D:7      | Learned a level 3 spell: Dazzling Flash
  9324 | D:7      | Learned a level 4 spell: Petrify
  9327 | D:7      | Learned a level 2 spell: Static Discharge
  9410 | D:7      | Reached skill level 1 in Air Magic
 10245 | D:7      | You pick up a book of Dreams and begin reading...
 10245 | D:7      | You add the spells Jinxbite, Ensorcelled Hibernation and
                  | Anguish to your library.
 10444 | D:8      | Reached skill level 2 in Air Magic
 10477 | D:8      | Found a flagged portal.
 10478 | D:8      | Noticed Joseph
 10513 | D:8      | Noticed an orange demon
 10531 | D:8      | Reached skill level 7 in Spellcasting
 10538 | D:8      | Killed an orange demon
 10546 | D:8      | Reached skill level 7 in Conjurations
 10546 | D:8      | Reached XP level 10. HP: 69/69 MP: 10/24
 10791 | D:8      | Reached skill level 8 in Earth Magic
 10849 | D:8      | Killed Joseph
 10858 | D:8      | Noticed Grum
 10865 | D:8      | Reached skill level 3 in Air Magic
 10872 | Bailey   | Entered a bailey
 12360 | D:8      | Killed Grum
 12428 | D:8      | You pick up a book of Decay and begin reading...
 12428 | D:8      | You add the spells Cigotuvi's Dreadful Rot, Dispel Undead
                  | and Death Channel to your library.
 12438 | D:8      | You pick up a book of Spectacle and begin reading...
 12587 | D:8      | Reached skill level 1 in Armour
 12587 | D:8      | Reached skill level 4 in Air Magic
 13800 | D:8      | Noticed Amaemon
 13968 | D:8      | Killed Amaemon
 13969 | D:8      | Reached skill level 2 in Armour
 13969 | D:8      | Reached skill level 8 in Conjurations
 14251 | D:4      | Bought the amulet "Buesm" {RegenMP Will+ SInv} for 561 gold
                  | pieces
 14755 | D:9      | Noticed a two-headed ogre
 14762 | D:9      | Killed a two-headed ogre
 14763 | D:9      | Reached skill level 8 in Spellcasting
 14763 | D:9      | Reached XP level 11. HP: 41/74 MP: 26/27
 15033 | D:9      | Reached skill level 9 in Earth Magic
 15199 | D:9      | Noticed Jeremiah
 15232 | D:10     | Entered Level 10 of the Dungeon
 15311 | D:10     | magus.rc [v1.9.6]
 15410 | D:10     | Reached skill level 5 in Air Magic
 15418 | D:10     | Reached skill level 3 in Armour
 15699 | D:9      | Reached skill level 1 in Hexes
 15992 | D:10     | Noticed an ogre mage
 16943 | D:10     | Killed an ogre mage
 16944 | D:10     | Reached skill level 1 in Fighting
 17119 | D:10     | Reached skill level 2 in Hexes
 17160 | D:10     | Noticed an orc knight
 17176 | D:10     | Killed an orc knight
 17365 | D:10     | Noticed a boulder beetle
 17742 | D:11     | Noticed a two-headed ogre
 17747 | D:11     | Reached skill level 2 in Fighting
 17749 | D:11     | Killed a two-headed ogre
 17755 | D:11     | HP: 14/79 [orc priest/divine providence (10)]
 17758 | D:11     | Reached skill level 4 in Armour
 18047 | D:11     | Found a transporter.
 18047 | D:11     | Noticed avis's ghost (journeyman HOSu)
 18104 | D:11     | Learned a level 4 spell: Airstrike
 18108 | D:11     | You pick up a book of the Warp and begin reading...
 18108 | D:11     | You add the spells Manifold Assault, Dispersal and
                  | Disjunction to your library.
 18110 | D:11     | Found a staircase to the Lair.
 18112 | D:11     | Found a transporter.
 18213 | D:11     | Noticed an ice dragon
 18459 | Lair:1   | Entered Level 1 of the Lair of Beasts
 18477 | Lair:1   | Noticed Nergalle
 18485 | Lair:1   | Killed Nergalle
 18502 | Lair:1   | HP: 17/80 [cane toad (14)]
 18506 | Lair:1   | Reached skill level 3 in Hexes
 18508 | Lair:1   | HP: 12/81 [water moccasin (2)]
 18723 | Lair:1   | Noticed Maggie
 19535 | Lair:1   | Killed Maggie
 19543 | Lair:1   | Reached skill level 6 in Air Magic
 20042 | D:4      | magus.rc [v1.9.6]
 20346 | Lair:2   | Reached skill level 3 in Fighting
 20346 | Lair:2   | Reached skill level 9 in Conjurations
 20632 | Lair:2   | Reached XP level 12. HP: 89/89 MP: 29/29
 20682 | Lair:2   | Identified the +9 hand axe of Onniomn {drain, Fly rPois
                  | Str-2 Dex+4}
 20781 | Lair:2   | Found a staircase to the Snake Pit.
 21103 | Lair:2   | You pick up a book of Spectacle and begin reading...
 22453 | Lair:2   | Reached skill level 9 in Spellcasting
 22453 | Lair:2   | Reached skill level 3 in Transmutations
 22758 | Lair:3   | Reached skill level 4 in Stealth
 22758 | Lair:3   | Reached skill level 4 in Hexes
 22892 | Lair:3   | Reached skill level 4 in Fighting
 22892 | Lair:3   | Reached skill level 10 in Earth Magic
 23895 | Lair:3   | Reached skill level 7 in Air Magic
 24287 | Lair:3   | You pick up a book of Scorching and begin reading...
 24287 | Lair:3   | You add the spells Scorch, Flame Wave and Summon Cactus
                  | Giant to your library.
 24288 | Lair:3   | Noticed Gastronok
 24288 | Lair:3   | Gastronok the Ponderous comes into view. He is wearing the
                  | +3 hat of Pondering {ponderous, Will+ MP+10 Int+5}.
 24704 | Lair:3   | Found a staircase to the Shoals.
 25363 | Lair:4   | Reached skill level 8 in Air Magic
 25396 | Lair:4   | Reached skill level 5 in Armour
 25533 | Lair:4   | Identified the +9 quarterstaff of Gin and Tonic {drain,
                  | rElec MP+9 Dex-3 SInv}
 26284 | Lair:4   | Reached XP level 13. HP: 96/96 MP: 30/30
 26517 | Lair:5   | Entered Level 5 of the Lair of Beasts
 26576 | Lair:4   | Reached skill level 9 in Air Magic
 26672 | Lair:5   | Found a staircase to the Slime Pits.
 26790 | Lair:5   | Reached skill level 4 in Transmutations
 26914 | Lair:5   | Reached skill level 5 in Transmutations
 26922 | Lair:5   | HP: 24/96 [blink frog (4)]
 27224 | Lair:5   | Reached skill level 6 in Transmutations
 27390 | Lair:5   | Reached skill level 7 in Transmutations
 29131 | Lair:5   | Reached skill level 10 in Spellcasting
 30373 | D:12     | magus.rc [v1.9.6]
 30422 | D:12     | Reached skill level 8 in Transmutations
 30476 | D:12     | Found a staircase to the Orcish Mines.
 31221 | D:12     | You pick up a book of Dreams and begin reading...
 32400 | D:13     | Noticed Urug
 32417 | D:13     | Killed Urug
 32890 | D:14     | Reached skill level 5 in Hexes
 32890 | D:14     | Reached XP level 14. HP: 104/104 MP: 33/33
 33672 | D:14     | Noticed an ironbound preserver
 33709 | D:14     | Killed an ironbound preserver
 33710 | D:14     | Reached skill level 10 in Conjurations
 34364 | D:14     | Noticed Azrael
 34392 | D:14     | Killed Azrael
 35225 | D:14     | Found a gate to the Vaults.
 37060 | Lair:5   | Reached skill level 10 in Air Magic
 37062 | Lair:5   | Reached skill level 11 in Earth Magic
 39967 | Lair:5   | You pick up a book of the Wilderness and begin reading...
 39967 | Lair:5   | You add the spells Summon Forest and Summon Mana Viper to
                  | your library.
 40417 | Lair:5   | Reached skill level 11 in Air Magic
 41106 | D:15     | Entered Level 15 of the Dungeon
 41162 | D:15     | Reached skill level 12 in Earth Magic
 41777 | D:15     | HP: 19/91 [yaktaur/bolt (4)]
 42003 | D:15     | Reached XP level 15. HP: 93/99 MP: 34/34
 43114 | D:15     | Found a staircase to the Depths.
 43544 | Orc:1    | Entered Level 1 of the Orcish Mines
 43656 | Orc:1    | magus.rc [v1.9.6]
 43869 | Orc:2    | Entered Level 2 of the Orcish Mines
 44532 | Orc:2    | magus.rc [v1.9.6]
 44637 | Orc:2    | Reached skill level 12 in Air Magic
 45056 | Orc:2    | Learned a level 4 spell: Summon Lightning Spire
 45065 | Orc:2    | Found a staircase to the Elven Halls.
 45150 | Orc:2    | Reached skill level 13 in Earth Magic
 45165 | Orc:2    | Reached skill level 1 in Summonings
 45532 | Orc:2    | Reached skill level 2 in Summonings
 45738 | Orc:2    | Found Tesoza's Armour Boutique.
 45738 | Orc:2    | Found Cexaysut's Weapon Shop.
 45901 | Orc:2    | Found Zoleq's Book Shop.
 45906 | Orc:2    | Bought a book of Iron for 352 gold pieces
 45906 | Orc:2    | You pick up a book of Iron and begin reading...
 45912 | Orc:2    | Learned a level 5 spell: Lee's Rapid Deconstruction
 45919 | Orc:2    | Found Loorerek's Magic Scroll Boutique.
 45927 | Orc:2    | Bought a scroll of teleportation for 42 gold pieces
 45927 | Orc:2    | Bought a scroll of fog for 56 gold pieces
 45927 | Orc:2    | Bought a scroll of teleportation for 42 gold pieces
 45941 | Orc:2    | Bought an Inescapable Atlas for 176 gold pieces
 45944 | Orc:2    | Learned a level 2 spell: Blink
 45944 | Orc:2    | Bought a book of Blasting for 308 gold pieces
 45944 | Orc:2    | You pick up a book of Blasting and begin reading...
 45944 | Orc:2    | You add the spells Fulminant Prism and Iskenderun's Mystic
                  | Blast to your library.
 45944 | Orc:2    | Bought a book of Conjurations for 220 gold pieces
 45944 | Orc:2    | You pick up a book of Conjurations and begin reading...
 45944 | Orc:2    | You add the spells Magic Dart and Searing Ray to your
                  | library.
 46442 | Orc:1    | Found Fopsix's General Store.
 46478 | Orc:1    | Bought a scroll of poison for 56 gold pieces
 46478 | Orc:1    | Bought a scroll of fear for 56 gold pieces
 46673 | Snake:1  | Entered Level 1 of the Snake Pit
 46827 | Snake:1  | Noticed Nikola
 46833 | Snake:1  | HP: 21/110 [Nikola/arc of chain lightning (10)]
 47192 | Snake:1  | Killed Nikola
 47193 | Snake:1  | Reached skill level 1 in Translocations
 47196 | Snake:1  | Found a transporter.
 47198 | Snake:1  | Noticed a nagaraja
 47199 | Snake:1  | Noticed a nagaraja
 47200 | Snake:1  | Noticed a nagaraja
 47264 | Snake:1  | Reached skill level 3 in Summonings
 47719 | Snake:1  | Reached skill level 2 in Translocations
 47827 | Snake:1  | Noticed a nagaraja
 47843 | Snake:1  | Identified the +8 short sword "Zymalu Via" {spect, Int+4}
 49057 | Snake:1  | Identified the serpent talisman of Yredelemnul's Wrath {rC-
                  | rN++ Str+2 Slay+2 SInv}
 49057 | Snake:1  | Noticed Aizul
 49060 | Snake:1  | magus.rc [v1.9.6]
 49077 | Snake:1  | Killed Aizul
 49078 | Snake:1  | Reached skill level 11 in Spellcasting
 49357 | Snake:1  | Reached skill level 3 in Translocations
 49614 | Snake:2  | Reached skill level 4 in Summonings
 49667 | Snake:2  | Learned a level 4 spell: Iskenderun's Mystic Blast
 50223 | Snake:2  | Noticed Jorgrun
 50227 | Snake:2  | Killed Jorgrun
 50309 | Snake:2  | Reached XP level 16. HP: 114/116 MP: 36/36
 50732 | Snake:2  | Found Buvotz's Distillery.
 50733 | Snake:2  | Found Goirih's Weapon Boutique.
 50733 | Snake:2  | Found Jupp's General Store.
 50741 | Snake:2  | Found Yfoegg's Antique Armour Shop.
 50757 | Snake:2  | Reached skill level 13 in Air Magic
 50771 | Snake:2  | Noticed Saint Roka
 51345 | Snake:2  | Killed Saint Roka
 51346 | Snake:2  | Reached skill level 4 in Translocations
 51523 | Snake:2  | Bought a scroll of blinking for 120 gold pieces
 51526 | Snake:2  | Bought a potion of curing for 33 gold pieces
 51532 | Snake:2  | Bought a shimmering leather armour for 252 gold pieces
 51532 | Snake:2  | Identified the +0 leather armour "Reraoxash" {Harm rC+ rN+}
                  | (You bought it in a shop on level 2 of the Snake Pit)
 52251 | Snake:3  | Reached skill level 5 in Summonings
 52433 | Snake:3  | Found Ywoysub's Armour Shoppe.
 52932 | Snake:3  | Bought a +0 pair of boots for 94 gold pieces
 53075 | Snake:3  | Reached skill level 14 in Earth Magic
 53078 | Snake:3  | You pick up a book of Spectacle and begin reading...
 53306 | Snake:3  | Found Uvill's Jewellery Boutique.
 53307 | Snake:3  | Found Canydiwn's Book Shoppe.
 53308 | Snake:3  | Found Kaph's Jewellery Boutique.
 54305 | Snake:3  | Upgraded the game from 0.31-a0-1165-g196b491b36 to
                  | 0.31-a0-1172-g9944ec47dd
 54305 | Snake:3  | magus.rc [v1.9.6]
 54314 | Snake:4  | Entered Level 4 of the Snake Pit
 54353 | Snake:4  | Noticed Agnes
 54355 | Snake:4  | You are cast into the Abyss!
 54355 | Abyss:2  | Cast into level 2 of the Abyss (Agnes)
 54678 | Abyss:2  | Noticed a tentacled starspawn
 54683 | Abyss:2  | Killed a tentacled starspawn
 54705 | Abyss:2  | Paralysed by accursed screaming for 2 turns
 54708 | Abyss:2  | HP: 20/116 [starcursed mass/accursed screaming (10)]
 54711 | Abyss:2  | Noticed a tentacled starspawn
 54717 | Abyss:2  | Killed a tentacled starspawn
 54718 | Abyss:2  | Reached skill level 6 in Summonings
 54931 | Abyss:2  | Noticed a tentacled starspawn
 55007 | Abyss:2  | Killed a tentacled starspawn
 55048 | Snake:4  | You pass through the gate.
 55048 | Snake:4  | Escaped the Abyss
 55542 | Snake:4  | Found a transporter.
 55544 | Snake:4  | Found Keggedawn's Assorted Antiques.
 55613 | Snake:4  | Reached skill level 1 in Staves
 55838 | Snake:4  | Killed Agnes
 55953 | Snake:4  | Found a transporter.
 55962 | Snake:4  | Bought a scroll of fog for 156 gold pieces
 55962 | Snake:4  | Bought a lead wand for 156 gold pieces
 56368 | Snake:4  | Reached skill level 12 in Spellcasting
 56376 | Snake:4  | HP: 26/116 [naga sharpshooter/bolt (25)]
 56379 | Snake:4  | Reached skill level 2 in Staves
 57258 | Snake:4  | Reached skill level 7 in Summonings
 57545 | Lair:3   | Aim: Gastronok, wearing the +3 hat of Pondering {ponderous,
                  | Will+ MP+10 Int+5} (severely wounded, empty space bonus:
                  | 8/8)
 57545 | Lair:3   | Aim: Gastronok, wearing the +3 hat of Pondering {ponderous,
                  | Will+ MP+10 Int+5} (severely wounded, empty space bonus:
                  | 8/8)
 57546 | Lair:3   | Aim: Gastronok, wearing the +3 hat of Pondering {ponderous,
                  | Will+ MP+10 Int+5} (almost dead, empty space bonus: 8/8)
 57546 | Lair:3   | Aim: Gastronok, wearing the +3 hat of Pondering {ponderous,
                  | Will+ MP+10 Int+5} (almost dead, empty space bonus: 8/8)
 57546 | Lair:3   | Killed Gastronok
 58094 | Lair:3   | Reached XP level 17. HP: 102/123 MP: 38/38
 58245 | Lair:1   | Reached skill level 3 in Staves
 58425 | Lair:3   | Learned a level 4 spell: Fulminant Prism
 58641 | Snake:4  | Reached skill level 14 in Air Magic
 59199 | Snake:4  | Reached skill level 6 in Hexes
 59428 | Snake:4  | Identified the +0 buckler "Jaos" {Will+ rCorr Int-3}
 60004 | Snake:4  | Got a serpentine rune of Zot
 60198 | Snake:4  | magus.rc [v1.9.6]
 60401 | Shoals:1 | Entered Level 1 of the Shoals
 60749 | Shoals:1 | HP: 42/184 [drowned by a water elemental[a merfolk
                  | aquamancer] (5)]
 60751 | Shoals:1 | HP: 2/184 [snapping turtle (22)]
 60751 | Shoals:1 | Slain by a skyshark

Vanquished Creatures
  Saint Roka (Snake:2)
  Nikola (Snake:1)
  Jorgrun (Snake:2)
  Gastronok (Lair:3)
  3 tentacled starspawn (Abyss:2)
  Agnes (Snake:4)
  6 nagarajas (Snake:4)
  Aizul (Snake:1)
  A deep elf elementalist (Abyss:2)
  An ironbound preserver (D:14)
  Azrael (D:14)
  A merfolk impaler (Shoals:1)
  2 hydras
  2 salamander tyrants
  A rakshasa (Abyss:2)
  5 ogre magi
  4 centaur warriors
  3 catoblepae (Lair:5)
  10 anacondas
  5 boulder beetles
  20 death yaks
  12 two-headed ogres
  3 tengu warriors
  13 naga warriors
  Urug (D:13)
  5 shock serpents
  16 naga sharpshooters
  Nergalle (Lair:1)
  2 skysharks (Lair:5)
  6 salamander mystics
  Amaemon (D:8)
  A deep troll (shapeshifter) (D:15)
  3 sea snakes (Shoals:1)
  10 naga ritualists
  5 deep elf pyromancers
  Pikel (D:7)
  A glowing orange brain (D:15)
  A harpy (shapeshifter) (D:13)
  11 mana vipers
  A lindwurm (Lair:5)
  11 ugly things
  6 manticores
  5 oklob plants
  4 orc sorcerers (Orc:2)
  An orc knight (D:10)
  2 worldbinders (Abyss:2)
  7 cyclopes
  15 salamanders
  12 elephants
  A torpor snail (Lair:5)
  A water nymph (Shoals:1)
  4 kobold blastminers
  5 molten gargoyles (D:14)
  40 black mambas
  An orange demon (D:8)
  Joseph (D:8)
  2 gargoyles (D:13)
  A guardian serpent (Snake:3)
  Maggie (Lair:1)
  A large abomination (Abyss:2)
  9 cane toads
  11 naga magi
  An unseen horror (Abyss:2)
  4 yaktaurs (D:15)
  12 komodo dragons
  4 kobold demonologists
  An efreet (D:13)
  2 freezing wraiths
  A tormentor (Abyss:2)
  2 tengu conjurers (D:14)
  A queen bee (shapeshifter) (D:15)
  2 trolls
  2 polar bears (Lair:4)
  3 merfolk (Shoals:1)
  A queen bee (D:12)
  A hornet (shapeshifter) (D:14)
  A hornet (D:8)
  A wind drake (Lair:3)
  7 raiju (Abyss:2)
  26 blink frogs
  6 flying skulls (Abyss:2)
  8 slime creatures
  2 shadows
  Sigmund (D:2)
  A ynoxinul (Abyss:2)
  A centaur simulacrum (D:10)
  2 spriggans (Lair:4)
  A wyvern (Lair:2)
  3 wraiths
  A vampire (D:11)
  3 water elementals (Shoals:1)
  69 yaks
  2 basilisks
  2 fire elementals (D:14)
  A golden eye (Lair:3)
  14 wargs
  Grum (D:8)
  A neqoxec (Abyss:2)
  16 vampire mosquitoes
  52 nagas
  2 acid dragons (D:10)
  2 hell hounds (D:14)
  10 water moccasins
  Duvessa (D:6)
  17 orc warriors
  4 ice beasts
  A sky beast (D:8)
  4 black bears
  2 small abominations (Abyss:2)
  11 wolves
  9 centaurs
  10 ogres
  5 kobold brigands
  A phantom (D:3)
  19 bullfrogs
  A brain worm (Abyss:2)
  7 gnoll sergeants
  A scorpion (D:5)
  A wight (D:7)
  Dowan (D:6)
  3 jellies
  26 killer bees
  5 howler monkeys
  8 gnoll boudas
  9 hounds
  17 orc priests
  An iron imp (Abyss:2)
  6 iguanas
  A scorpion zombie (D:5)
  A sleepcap (D:6)
  37 orc wizards
  A hound zombie (D:5)
  27 gnolls
  3 adders
  A shadow imp (D:6)
  3 white imps
  2 ufetubi (D:7)
  2 worms
  87 orcs
  4 ball pythons
  8 endoplasms
  19 goblins
  12 hobgoblins
  5 jackals
  30 kobolds
  5 quokkas
  4 bats
  3 frilled lizards
  4 rats
  2 boulders
  A lurking horror (Abyss:2)
  2 starspawn tentacles (Abyss:2)
1013 creatures vanquished.

Vanquished Creatures (collateral kills)
  An orc warrior (Orc:1)
  An orc wizard (Orc:1)
  3 orcs
  56 boulders
61 creatures vanquished.

Vanquished Creatures (others)
  A two-headed ogre (D:13)
  67 boulders
  3 fulminant prisms (Snake:4)
  4 starspawn tentacles (Abyss:2)
75 creatures vanquished.

Grand Total: 1149 creatures vanquished

Table legend:
 A = Non-vault XP
 B = Vault XP
 C = Vault XP percentage of total XP
 D = Non-vault monster count
 E = Vault monster count
 F = Vault count percentage of total count
                 A         B        C        D         E       F
            +---------+---------+-------+---------+---------+-------
      Total |  188520 |   96868 |  33.9 |     717 |     296 |  29.2
            +---------+---------+-------+---------+---------+-------
        D:1 |      22 |       0 |   0.0 |      13 |       0 |   0.0
        D:2 |      36 |     223 |  86.1 |      15 |       1 |   6.2
        D:3 |     164 |       5 |   3.0 |      18 |       1 |   5.3
        D:4 |     310 |     134 |  30.2 |      28 |       9 |  24.3
        D:5 |     806 |     230 |  22.2 |      20 |       4 |  16.7
        D:6 |     772 |     210 |  21.4 |      24 |       2 |   7.7
        D:7 |    1916 |     914 |  32.3 |      30 |       4 |  11.8
        D:8 |    2587 |    2391 |  48.0 |      20 |      14 |  41.2
        D:9 |    2400 |       0 |   0.0 |      32 |       0 |   0.0
       D:10 |    2515 |    2122 |  45.8 |      25 |       4 |  13.8
       D:11 |    2040 |     672 |  24.8 |      20 |       9 |  31.0
       D:12 |    2030 |    1410 |  41.0 |      15 |      19 |  55.9
       D:13 |    8168 |     794 |   8.9 |      19 |       1 |   5.0
       D:14 |    8371 |    9063 |  52.0 |      19 |      18 |  48.6
       D:15 |    9490 |    4278 |  31.1 |      23 |       7 |  23.3
     Lair:1 |    1725 |    1762 |  50.5 |       8 |       3 |  27.3
     Lair:2 |    6690 |     753 |  10.1 |      22 |       4 |  15.4
     Lair:3 |    7570 |    5851 |  43.6 |      25 |      13 |  34.2
     Lair:4 |   10636 |    1201 |  10.1 |      30 |       7 |  18.9
     Lair:5 |   21858 |   11883 |  35.2 |      56 |      32 |  36.4
   Shoals:1 |    5044 |       0 |   0.0 |      11 |       0 |   0.0
    Snake:1 |   19261 |    3706 |  16.1 |      37 |       2 |   5.1
    Snake:2 |   11729 |    5710 |  32.7 |      20 |      14 |  41.2
    Snake:3 |   20478 |       3 |   0.0 |      51 |       1 |   1.9
    Snake:4 |   23727 |   25550 |  51.8 |      46 |      36 |  43.9
      Orc:1 |    1625 |      72 |   4.2 |      15 |       2 |  11.8
      Orc:2 |    2792 |   16417 |  85.5 |      43 |      59 |  57.8
    Abyss:2 |   13758 |       0 |   0.0 |      32 |       0 |   0.0
     Bailey |       0 |    1514 | 100.0 |       0 |      30 | 100.0
            +---------+---------+-------+---------+---------+-------

Skill      XL: |  1  2  3  4  5  6  7  8  9 10 11 12 13 14 15 16 17 |
---------------+----------------------------------------------------+-----
Transmutations | 1 2 3 8 |  8.9
Stealth        | 2 3 4 |  4.3
Dodging        | 2 3 |  3.1
Spellcasting   | 2 3 4 5 7 8 9 10 11 12 | 12.4
Earth Magic    | 3 4 5 6 7 8 9 10 12 13 14 | 14.9
Conjurations   | 2 3 5 7 8 9 10 | 10.2
Air Magic      | 2 4 6 8 9 11 12 13 14 | 14.2
Armour         | 2 4 5 |  5.0
Hexes          | 3 4 5 6 |  6.3
Fighting       | 3 4 |  4.2
Summonings     | 4 7 |  7.7
Translocations | 3 4 |  4.0
Staves         | 2 3 |  3.5

Action                     |  1- 3 |  4- 6 |  7- 9 | 10-12 | 13-15 | 16-18 || total
---------------------------+-------+-------+-------+-------+-------+-------++-------
  Melee: Dagger            |       |    16 |    41 |    57 |     8 |       ||   122
         Punch             |       |     1 |       |     1 |       |     1 ||     3
         Demon whip        |       |       |       |    39 |       |    18 ||    57
         Quarterstaff      |       |       |       |       |    16 |    22 ||    38
  Throw: Dart              |       |       |       |     1 |     5 |       ||     6
   Cast: Sandblast         |    48 |    94 |   123 |    61 |     1 |     7 ||   334
         Stone Arrow       |       |     5 |    50 |   261 |   448 |   174 ||   938
         Brom's Barrelling |       |       |     4 |    51 |   101 |    12 ||   168
         Dazzling Flash    |       |       |       |     2 |     2 |       ||     4
         Static Discharge  |       |       |       |    49 |    90 |     4 ||   143
         Petrify           |       |       |       |     6 |    11 |       ||    17
         Airstrike         |       |       |       |    67 |   445 |   191 ||   703
         Lee's Rapid Decon |       |       |       |       |    76 |   161 ||   237
         Summon Lightning  |       |       |       |       |     2 |     6 ||     8
         Blink             |       |       |       |       |     1 |     4 ||     5
         Iskenderun's Myst |       |       |       |       |       |    20 ||    20
         Fulminant Prism   |       |       |       |       |       |     3 ||     3
  Evoke: Wand              |       |       |     6 |    16 |    22 |    20 ||    64
    Use: Potion            |     1 |     3 |       |     3 |     5 |     7 ||    19
         Scroll            |       |    15 |     4 |    12 |    17 |    12 ||    60
   Stab: Sleeping          |       |     2 |     3 |     2 |       |       ||     7
         Petrified         |       |       |       |     5 |     8 |       ||    13
 Armour: Robe              |    19 |    31 |    88 |    24 |       |       ||   162
         Ring mail         |       |       |       |   309 |   422 |   219 ||   950
         Leather armour    |       |       |       |     2 |   110 |       ||   112
         Acid dragon scale |       |       |       |     1 |       |       ||     1
  Dodge: Dodged            |    28 |    33 |    74 |   151 |   302 |   161 ||   749
  Block: Other             |       |       |    13 |    13 |       |       ||    26
         Reflection        |       |       |       |     2 |       |       ||     2

Illustrated notes

Table legend:
 A = Kills in this place as a percentage of kills in the entire game.
 B = Kills by you in this place as a percentage of kills by you in the entire game.
 C = Kills by friends in this place as a percentage of kills by friends in the entire game.
 D = Other kills in this place as a percentage of other kills in the entire game.
 E = Experience gained in this place as a percentage of experience gained in the entire game.
 F = Experience gained in this place divided by the number of levels of this place that you have seen.
                   A       B       C       D       E      F
               +-------+-------+-------+-------+-------+----------------------
         Total | 100.0 | 100.0 | 100.0 |   N/A | 100.0 | 9841.0
       Dungeon |  40.9 |  41.1 |   0.0 |   N/A |  22.5 | 4271.5
          Lair |  19.7 |  19.8 |   0.0 |   N/A |  24.5 | 13985.8
        Shoals |   1.1 |   1.1 |   0.0 |   N/A |   1.8 | 5044.0
     Snake Pit |  20.4 |  20.3 |  40.0 |   N/A |  38.6 | 27541.0
  Orcish Mines |  11.7 |  11.5 |  60.0 |   N/A |   7.3 | 10453.0
         Abyss |   3.2 |   3.2 |   0.0 |   N/A |   4.8 | 13758.0
        Bailey |   3.0 |   3.0 |   0.0 |   N/A |   0.5 | 1514.0
               +-------+-------+-------+-------+-------+----------------------

Table legend: (Time is in decaauts)
 A = Elapsed time spent in this place.
 B = Non-inter-level travel time spent in this place.
 C = Inter-level travel time spent in this place.
 D = Time resting spent in this place.
 E = Time spent auto-exploring this place.
 F = Levels seen in this place.
 G = Mean time per level.
                   A        B        C        D        E       F      G
               +--------+--------+--------+--------+--------+-----+--------+
         Total |  61128 |  57882 |   3246 |  28915 |  17244 |  29 | 2107.9 |
       Dungeon |  26851 |  25488 |   1363 |  11177 |   9673 |  15 | 1790.1 |
          Lair |  17436 |  16025 |   1411 |   9279 |   3561 |   5 | 3487.2 |
        Shoals |    379 |    379 |      0 |    114 |      0 |   1 |  379.0 |
     Snake Pit |  11375 |  10977 |    398 |   5923 |   2749 |   4 | 2843.8 |
  Orcish Mines |   2935 |   2863 |     72 |   1116 |   1030 |   2 | 1467.5 |
         Abyss |    663 |    663 |      0 |    364 |      0 |   1 |  663.0 |
        Bailey |   1485 |   1485 |      0 |    941 |    229 |   1 | 1485.0 |
               +--------+--------+--------+--------+--------+-----+--------+

Top non-repeatable levels by time:
  Lair:4: 4741 daAuts
  Lair:5: 4372 daAuts
  Lair:3: 3686 daAuts
    D:14: 3536 daAuts
 Snake:3: 3490 daAuts
 Snake:4: 3286 daAuts
  Lair:2: 3155 daAuts
 Snake:1: 2454 daAuts
   Orc:2: 2289 daAuts
     D:4: 2144 daAuts
 Snake:2: 2144 daAuts
     D:8: 2078 daAuts
    D:15: 2071 daAuts
     D:5: 2058 daAuts
     D:9: 1939 daAuts
